 Dungeon Crawl Stone Soup version 0.30.1-4-g462c640d31 (webtiles) character file.

Game seed: 17363919076370699029

158 booth the Trooper (level 5, -1/34 HPs)
             Began as a Gargoyle Monk on Aug 25, 2023.
             Killed from afar by Blork the orc (10 damage)
             ... with a puff of flame
             ... on level 4 of the Dungeon.
             The game lasted 00:14:40 (2419 turns).

booth the Trooper (Gargoyle Monk)                   Turns: 2419, Time: 00:14:41

Health: -1/34      AC:  9    Str: 16      XL:     5   Next: 40%
Magic:  5/5        EV: 12    Int: 10 (11) God:
Gold:   165        SH:  0    Dex: 12      Spells: 4/4 levels left

rFire   . . .        a - +2 mace
rCold   . . .        d - orb {light}
rNeg    + . .        b - +0 robe
rPois   ∞            (no helmet)
rElec   +            (no cloak)
rCorr   .            e - +1 pair of gloves
SInv    .            l - +0 pair of boots
Will    .....        (no amulet)
Stlth   +            (no ring)
HPRegen 0.25/turn    (no ring)
MPRegen 0.09/turn

%: no passive effects
@: glowing, studying Axes
A: sickness immunity, AC +4, negative energy resistance 1, electricity
resistance, torment resistance 1, petrification resistance
a: no special abilities


You were on level 4 of the Dungeon.
You visited 1 branch of the dungeon, and saw 4 of its levels.

You collected 165 gold pieces.

Inventory:

Hand Weapons
 a - a +2 mace (weapon)
Missiles
 k - 5 poisoned darts (quivered)
Armour
 b - a +0 robe (worn)
 d - an orb of light (worn)
 e - a +1 pair of gloves (worn)
 l - a +0 pair of boots (worn)
Scrolls
 f - a scroll of silence
 g - a scroll of butterflies
 h - a scroll of amnesia
 i - a scroll of fear {unknown}
 j - a scroll of poison {unknown}
 m - a scroll of identify
Potions
 c - a potion of ambrosia


   Skills:
 + Level 4.4 Fighting
 + Level 1.7(3.0) Axes
 + Level 4.0(4.3) Maces & Flails
 + Level 0.0 Throwing
 + Level 3.3 Dodging
 + Level 0.0 Spellcasting


You had 4 spell levels left.
You didn't know any spells.
Your spell library contained the following spells:

 Spells                   Type           Power      Damage    Failure   Level
 Beastly Appendage        Tmut           0%         N/A       36%         1
 Magic Dart               Conj           0%         1d3       36%         1
 Call Imp                 Summ           0%         N/A       50%         2
 Searing Ray              Conj           0%         2d4       50%         2
 Wereblood                Tmut           0%         N/A       50%         2
 Mephitic Cloud           Conj/Pois/Air  0%         N/A       75%         3
 Spider Form              Tmut/Pois      0%         N/A       75%         3
 Fulminant Prism          Conj/Hex       0%         3d5       98%         4
 Malign Gateway           Summ/Tloc      0%         N/A       100%        7
 Summon Horrible Things   Summ           0%         N/A       100%        8


Dungeon Overview and Level Annotations

Branches:
Dungeon (4/15)
 Temple: D:4-7

Altars:
Vehumet

Shops:
D:1 ?[[

Portals:
Abyss: D:3

Annotations:
D:3 2 transporters, Rem's ghost, amateur OpTm
D:4 Blork the orc; Menkaure


Innate Abilities, Weirdness & Mutations

You are immune to sickness and miasma.
Your stone body is resilient. (AC +4)
You are immune to poison.
You resist negative energy. (rN+)
You are resistant to electric shocks. (rElec)
You are resistant to unholy torment.
You are immune to petrification.


Message History

Found 5 atropa-tipped darts.
Blork the orc shouts!
Blork the orc zaps a wand.
The puff of flame misses you.
Blork the orc zaps a wand.
The puff of flame hits you!
Blork the orc zaps a wand.
The puff of flame hits you. Blork the orc casts a spell at you.
The puff of frost hits you but does no damage.
Blork the orc zaps a wand.
The puff of flame hits you!
There is a stone staircase leading up here.
Blork the orc zaps a wand.
The puff of flame hits you.
You climb upwards.
Level annotation: 2 transporters, Rem's ghost, amateur OpTm
There is a stone staircase leading down here.
You start resting.
HP restored.
You climb downwards.
Level annotation: Blork the orc; Menkaure Blork the orc points at you and mumbles some strange words.
The magic dart hits you.
There is a stone staircase leading up here.
Found a scroll of identify.
Blork the orc zaps a wand.
The puff of flame hits you!
You hit Blork the orc.
Blork the orc is lightly wounded.
Blork the orc hits you with a +0 halberd!
* * * LOW HITPOINT WARNING * * *
Okay, then.
Okay, then.
You hit Blork the orc.
Blork the orc is lightly wounded.
Blork the orc hits you with a +0 halberd.
* * * LOW HITPOINT WARNING * * *
You hit Blork the orc but do no damage.
Blork the orc is lightly wounded.
Blork the orc miscasts a cantrip.
Blork the orc closely misses you.
You sock Blork the orc!
Blork the orc is heavily wounded.
Blork the orc zaps a wand.
The puff of flame hits you!
You die...

##... #..(... #?....
###......
##.....##......######
....................
#.................#
#................#
..........o....#.##
.........@........#
.......†....#..#.....
#......<.......# ..#
#......###..........#
#...... #.##.......#
##..... #.##.#......
#..... #....#......
##.... ####.#......
#.... .....[###


You could see Blork the orc.

Vanquished Creatures
  A centaur (D:3)
  2 adders (D:2)
  5 dart slugs
  7 ball pythons
  7 bats
  7 endoplasms
  A giant cockroach (D:3)
  5 hobgoblins
  8 kobolds
  A quokka (D:1)
  2 frilled lizards (D:1)
  3 goblins
  5 rats
54 creatures vanquished.

Notes
Turn   | Place    | Note
-------+----------+-------------------------------------------
     0 | D:1      | booth the Gargoyle Monk began the quest for the Orb.
     0 | D:1      | Reached XP level 1. HP: 14/14 MP: 1/1
    26 | D:1      | Found Beoq Kif's Armour Shop.
    81 | D:1      | Found Ilasug's Magic Scroll Boutique.
   136 | D:1      | Reached XP level 2. HP: 8/19 MP: 2/2
   415 | D:1      | Reached XP level 3. HP: 24/24 MP: 3/3
   576 | D:1      | Found Secier's Armour Shoppe.
   940 | D:2      | Reached XP level 4. HP: 28/29 MP: 4/4
  1354 | D:2      | Identified a scroll of acquirement
  1354 | D:2      | Acquired a manual of Axes
  1585 | D:3      | Noticed a centaur
  1590 | D:3      | Killed a centaur
  1591 | D:3      | Reached skill level 1 in Axes
  1591 | D:3      | Reached XP level 5. HP: 28/34 MP: 5/5
  1713 | D:3      | Found a one-way gate to the infinite horrors of the Abyss.
  1713 | D:3      | Noticed Rem's ghost (amateur OpTm)
  1761 | D:3      | Found a transporter.
  1788 | D:3      | Found a transporter.
  1940 | D:3      | Found a radiant altar of Vehumet.
  2276 | D:4      | Noticed Menkaure
  2329 | D:4      | Noticed Blork the orc
  2419 | D:4      | Killed from afar by Blork the orc

Illustrated notes

Levels and vault maps discovered:
D:1:      minmay_arrival_semitransparent, layout_loops_ring, serial_shops, shop,
          shop, nicolae_shop_advertising_works [nicolae_subvault_shop_adworks]
D:2:      wander_river, layout_basic
D:3:      layout_basic, vehumet_crystals, gammafunk_ghost_abyssal_escape,
          hex_large
D:4:      layout_basic, serial_shops, shop, hellmonk_guarded_unrand_hermit,
          uniq_pikel, uniq_blork_the_orc, uniq_menkaure

Skill      XL: |  1  2  3  4 |
---------------+-------------+-----
Fighting       | 4 |  4.4
Dodging        | 3 |  3.3
Axes           | 1 |  1.7
Maces & Flails | 4 |  4.0

Action                     |  1- 3 |  4- 6 || total
---------------------------+-------+-------++-------
  Melee: Mace              |    83 |    52 ||   135
    Use: Scroll            |     3 |     9 ||    12
         Potion            |     2 |       ||     2
 Armour: Robe              |    33 |    25 ||    58
  Dodge: Dodged            |    55 |    33 ||    88
